cohdb
Replays
Latest Replays
All Replays
Popular Replays
Top Player Replays
Match Explorer
How It Works
Community
CoH3 Stats
Reddit
Sign in to upload your games and track your stats! →
Sign in with Steam
Match 38875827
Unlisted
Match 38875827
Overview
Messages
Build Orders
End
Royal Engineer Section
Selects Indian Artillery Battlegroup
Construct Section Command Post
Construct Section Command Post
Infantry Section
Infantry Section
Infantry Section
Construct Platoon Command Post
Humber Armored Car
Unlock M3 Stuart Light Tanks
Selects Valour
Construct Field Infirmary
M3 Stuart Light Tank
Selects Gurkha Rifles Section
Vickers Machine Gun Team
Construct Company Command Post
Selects Volunteer Infantry
Grenade Package
Crusader II Medium Tank
Crusader II Medium Tank
Selects Towed ML 4.2-inch Heavy Mortar
Selects Off-map Airburst Barrage
6-pounder Anti-tank Gun Team
Crusader II Medium Tank
Crusader II Medium Tank
BIOHAZARD
Foxxo
0
0
Comments
sign in to comment!
No comments posted yet!